 Dungeon Crawl Stone Soup version 0.28-a0-983-g1de4e0787c (webtiles) character file.

Game seed: 2324587195426730616

6 cheechan the Gusty (level 1, 0/11 HPs)
             Began as an Octopode Air Elementalist on Dec 2, 2021.
             Slain by a kobold (6 damage)
             ... on level 1 of the Dungeon.
             The game lasted 00:00:24 (38 turns).

cheechan the Gusty (Octopode Air Elementalist)        Turns: 38, Time: 00:00:25

Health: 0/11       AC:  1    Str:  7    XL:     1   Next: 90%
Magic:  0/3        EV: 13    Int: 17    God:
Gold:   0          SH:  0    Dex: 12    Spells: 3/4 levels left

rFire   . . .      SeeInvis .   (no weapon)
rCold   . . .      Faith    .   (no shield)
rNeg    . . .      Spirit   .   (helmet restricted)
rPois   .          Reflect  .   (no amulet)
rElec   .          Harm     .   (no ring)
rCorr   .          Rampage  .   (no ring)
Will    .....                   (no ring)
Stlth   +++.......              (no ring)
HPRegen 0.03/turn               (no ring)
MPRegen 0.08/turn               (no ring)
                                (no ring)
                                (no ring)

@: no status effects
A: almost no armour, amphibious, 8 rings, camouflage 1, gelatinous body 1,
(nimble swimmer 1), tentacles
a: no special abilities


You were on level 1 of the Dungeon.
You visited 1 branch of the dungeon, and saw 1 of its levels.

Inventory:

Scrolls
 a - a scroll of magic mapping {unknown}


   Skills:
 + Level 2.0 Dodging
 + Level 2.6 Stealth
 + Level 2.0 Spellcasting
 + Level 1.0 Conjurations
 + Level 3.4 Air Magic


You had 3 spell levels left.
You knew the following spells:

 Your Spells              Type           Power      Damage    Failure   Level
a - Shock                 Conj/Air       36%        1d5       8%          1

Your spell library contained the following spells:

 Spells                   Type           Power      Damage    Failure   Level
 Static Discharge         Conj/Air       9%         N/A       12%         2
 Swiftness                Air            13%        N/A       14%         3
 Airstrike                Air            6%         N/A       43%         4


Dungeon Overview and Level Annotations

Branches:
Dungeon (1/15)

Altars:


Innate Abilities, Weirdness & Mutations

You cannot wear most types of armour.
You are amphibious.
You can wear up to eight rings at the same time.
Your skin changes colour to match your surroundings (Stealth+).
Your rubbery body absorbs attacks. (AC +1, EV +1)
((You are camouflaged near water. (Stealth+)))
You have tentacles for arms and can constrict up to eight enemies at once.


Message History

The hobgoblin shouts!
You hear an angry hiss.
A kobold comes into view. It is wielding a +0 whip.
The kobold shouts!
The jackal closely misses you. The jackal bites you.
You closely miss the jackal. Your grab misses the jackal.
The jackal is severely wounded.
The jackal bites you.
You barely miss the jackal. Your grab misses the jackal.
Your squeeze misses the jackal.
The jackal is severely wounded.
The jackal bites you.
You tentacle-slap the jackal.
You kill the jackal!
The jackal barely misses you.
You barely miss the jackal. Your grab misses the jackal.
The jackal is severely wounded.
The jackal bites you.
Casting: Shock (safe; 8% risk of failure)
Confirm with . or Enter, or press ? or * to list all spells.
Aiming: Shock (safe; 8% risk of failure)
Press: ? - help, Shift-Dir - straight line, f - hobgoblin, p - jackal
Aim: a hobgoblin (68% to hit)
The zap hits the jackal.
You kill the jackal!
The zap hits the kobold.
The kobold is moderately wounded.
The zap hits the hobgoblin.
The hobgoblin is moderately wounded.
You miss the kobold. Your grab misses the kobold.
The kobold is moderately wounded.
The kobold barely misses you.
You closely miss the kobold. Your grab misses the kobold.
The kobold is moderately wounded.
The kobold barely misses you.
You tentacle-slap the kobold but do no damage.
Your grab misses the kobold.
The kobold is moderately wounded.
The kobold hits you with a +0 whip.
Ouch! That really hurt!
You die...

# .# #.##.####..
....###.#.....hK.
.............†h†..
...###.....###.#.####...
.............. #.#
.#####+#####.# #g#
.#PPP#.#PPP#.# #K# #
.#P⌠P#.#P⌠P#†###@###...#
#PPP#.#PPP#...........#
.#####.#####..######....
+....<....'..# #.
.#####.#####.##
#PPP#.#PPP#.#
.#P⌠P#.#P⌠P#.#
.#PPP#.#PPP#.#
.#####+#####.#


You could see a hobgoblin and a kobold.

Vanquished Creatures
  A bat (D:1)
  3 jackals (D:1)
  A ball python (D:1)
5 creatures vanquished.

Notes
Turn   | Place    | Note
-------+----------+-------------------------------------------
     0 | D:1      | cheechan the Octopode Air Elementalist began the quest for
                  | the Orb.
     0 | D:1      | Reached XP level 1. HP: 11/11 MP: 3/3
    38 | D:1      | Slain by a kobold

Illustrated notes

Levels and vault maps discovered:
D:1:      beargit_arrival_greenhouse, layout_loops_corners,
          shapermc_ecumenical_altar_pompeii, kennysheep_flooded_box

Action                   || total
-------------------------++-------
Melee: Unarmed           ||     7
 Cast: Shock             ||     5
Dodge: Dodged            ||     5

Table legend: (Time is in decaauts)
 A = Elapsed time spent in this place.
 B = Non-inter-level travel time spent in this place.
 C = Inter-level travel time spent in this place.
 D = Time resting spent in this place.
 E = Time spent auto-exploring this place.
 F = Levels seen in this place.
 G = Mean time per level.
                   A        B        C        D        E       F      G
               +--------+--------+--------+--------+--------+-----+--------+
         Total |     38 |     38 |      0 |      0 |      0 |   1 |   38.0 |
       Dungeon |     38 |     38 |      0 |      0 |      0 |   1 |   38.0 |
               +--------+--------+--------+--------+--------+-----+--------+

Top non-repeatable levels by time:
     D:1: 38 daAuts
